 Dungeon Crawl Stone Soup version 0.25-a0-443-gece2dee8bd (webtiles) character file.

Game seed: 2663441698946015670, levelgen mode: deterministic

234 Elellon the Conjurer (level 5, -6/28 HPs)
             Began as a Deep Elf Conjurer on Jan 30, 2020.
             Mangled by a mummy (11 damage)
             ... on level 4 of the Dungeon.
             The game lasted 00:06:17 (3363 turns).

Elellon the Conjurer (Deep Elf Conjurer)            Turns: 3363, Time: 00:06:18

Health: -6/28      AC:  3    Str:  6    XL:     5   Next: 75%
Magic:  0/15       EV: 13    Int: 20    God:
Gold:   169        SH:  0    Dex: 15    Spells: 9/16 levels left

rFire    . . .     SeeInvis .   r - +0 short sword
rCold    . . .     Gourm    .   (no shield)
rNeg     . . .     Faith    .   a - +0 robe
rPois    .         Spirit   .   (no helmet)
rElec    .         Reflect  .   k - +0 cloak {+Inv}
rCorr    .         Harm     .   (no gloves)
MR       .....                  (no boots)
Stlth    ++........             (no amulet)
HPRegen  0.09/turn              (no ring)
MPRegen  0.14/turn              (no ring)

@: no status effects
A: no striking features
a: Evoke Invisibility


You were on level 4 of the Dungeon.
You were not hungry.

You visited 1 branch of the dungeon, and saw 4 of its levels.
You also visited: Ossuary.

You collected 169 gold pieces.

Inventory:

Hand Weapons
 r - a +0 short sword (weapon)
Armour
 a - a +0 robe (worn)
 k - a +0 cloak of invisibility (worn)
Jewellery
 q - an uncursed ring of flight {unknown}
 s - an uncursed ring of ice {unknown}
Scrolls
 d - 2 scrolls of teleportation
 e - a scroll of magic mapping {unknown}
 g - 2 scrolls of remove curse {unknown}
 j - a scroll of blinking {unknown}
 l - 2 scrolls of identify {unknown}
 m - 3 scrolls of enchant armour {unknown}
 o - 2 scrolls of amnesia {unknown}
Potions
 b - 3 potions of brilliance {unknown}
 f - a potion of curing {unknown}
 h - 3 potions of heal wounds {unknown}
 i - 2 potions of haste {unknown}
 p - a potion of degeneration {unknown}
Comestibles
 c - 5 rations
 n - 4 chunks of flesh


   Skills:
 - Level 2.4 Dodging
 - Level 2.4 Stealth
 + Level 6.1 Spellcasting
 + Level 6.3 Conjurations


You had 9 spell levels left.
You knew the following spells:

 Your Spells              Type           Power        Failure   Level  Hunger
a - Magic Dart            Conj           ####         1%          1    None
b - Searing Ray           Conj           ####..       1%          2    None
c - Iskenderun's Mystic   Conj/Tloc      ###.....     28%         4    ####...

Your spell library contained the following spells:

 Spells                   Type           Power        Failure   Level  Hunger
 Dazzling Flash           Conj/Hex       ###...       9%          3    ##.....
 Fulminant Prism          Conj/Hex       ###.......   28%         4    ####...


Dungeon Overview and Level Annotations

Branches:
Dungeon (4/15)            Ossuary (visited)
 Temple: D:4-7

Altars:
Fedhas


Message History

Casting: Magic Dart (safe; 1% risk of failure)
Confirm with . or Enter, or press ? or * to list all spells.
You don't have enough magic to cast that spell.
The gnoll zombie closely misses you.
There is a gate leading back out of this place here.
The gnoll zombie barely misses you.
Welcome back to the Dungeon!
There is a collapsed entrance here.
Casting: Magic Dart (safe; 1% risk of failure)
Confirm with . or Enter, or press ? or * to list all spells.
You don't have enough magic to cast that spell.
Unknown command.
Casting: Magic Dart (safe; 1% risk of failure)
Confirm with . or Enter, or press ? or * to list all spells.
Aiming: Magic Dart (safe; 1% risk of failure)
Press: ? - help, Shift-Dir - straight line, f - mummy
Aim: a mummy The magic dart hits the mummy but does no damage.
The mummy hits you!
You die...

.......รท<...#
............#
..#.[.......#
#..#......#####
###..#...........
......(......#####
..##.#...........#
#.
#<###.##......#...
# #.#...@.).....
#.#..M....#...
...............
##.####.##.....
.... ... .#...
....# #.#. # ## ##
#.# ...


You could see a mummy.

Vanquished Creatures
  A wyvern skeleton (D:3)
  2 worker ants
  A mummy (Ossuary)
  A gnoll (D:1)
  2 adders
  An ooze (D:3)
  2 worms
  A dart slug (D:3)
  4 leopard geckos
  5 orcs (D:3)
  4 giant cockroaches
  10 goblins
  8 hobgoblins
  3 jackals (D:2)
  5 bats
  3 frilled lizards
  A gnoll zombie (Ossuary)
  A hobgoblin zombie (Ossuary)
  14 kobolds
  2 kobold zombies (Ossuary)
  An orc zombie (Ossuary)
  11 rats
83 creatures vanquished.

Notes
Turn   | Place    | Note
-------+----------+-------------------------------------------
     0 | D:1      | Elellon the Deep Elf Conjurer began the quest for the Orb.
     0 | D:1      | Reached XP level 1. HP: 10/10 MP: 6/6
   217 | D:1      | Reached XP level 2. HP: 15/15 MP: 5/8
   491 | D:1      | Reached skill level 5 in Conjurations
   491 | D:1      | Reached XP level 3. HP: 19/19 MP: 6/10
  1137 | D:1      | Learned a level 2 spell: Searing Ray
  1192 | D:2      | Reached XP level 4. HP: 24/24 MP: 6/12
  1903 | D:2      | Found a blossoming altar of Fedhas.
  2181 | D:3      | Reached skill level 5 in Spellcasting
  2293 | D:3      | Learned a level 4 spell: Iskenderun's Mystic Blast
  2354 | D:3      | Reached XP level 5. HP: 15/28 MP: 5/15
  2821 | D:3      | Found a faded altar of an unknown god.
  3317 | D:4      | Found a sand-covered staircase.
  3332 | Ossuary  | Entered an ossuary
  3363 | D:4      | Mangled by a mummy

Levels and vault maps discovered:
D:1:      dpeg_arrival_rooms_c, layout_basic
D:2:      layout_loops_corners, first_ration, fedhas_altar_2
D:3:      minmay_skewed_foursquare, layout_rooms,
          chequers_ecumenical_altar_simple_redux
D:4:      layout_rooms, minmay_temple_entry_drinking_statues, enter_ossuary_1

Skill      XL: |  1  2  3  4  5 |
---------------+----------------+-----
Spellcasting   | 4 5 6 |  6.1
Conjurations   | 5 6 |  6.3
Dodging        | |  2.4
Stealth        | |  2.4

Action                   |  1- 3 |  4- 6 || total
-------------------------+-------+-------++-------
 Cast: Magic Dart        |    65 |    81 ||   146
       Searing Ray       |     1 |    10 ||    11
  Use: Scroll            |       |     1 ||     1
  Eat: Chunk             |       |     4 ||     4
       Ration            |       |     1 ||     1
Armor: Robe              |     1 |     8 ||     9
Dodge: Dodged            |     5 |    30 ||    35

Table legend:
 A = Non-vault XP
 B = Vault XP
 C = Vault XP percentage of total XP
 D = Non-vault monster count
 E = Vault monster count
 F = Vault count percentage of total count
                 A         B        C        D         E       F
            +---------+---------+-------+---------+---------+-------
      Total |     299 |      36 |  10.7 |      74 |       9 |  10.8
            +---------+---------+-------+---------+---------+-------
        D:1 |      58 |       0 |   0.0 |      28 |       0 |   0.0
        D:2 |      69 |       0 |   0.0 |      16 |       0 |   0.0
        D:3 |     169 |      13 |   7.1 |      29 |       3 |   9.4
        D:4 |       3 |       0 |   0.0 |       1 |       0 |   0.0
    Ossuary |       0 |      23 | 100.0 |       0 |       6 | 100.0
            +---------+---------+-------+---------+---------+-------
